 Dungeon Crawl Stone Soup version 0.20-a0-1018-ge435b50 (webtiles) character file.

402064 Duffy the Executioner (level 23, -11/267 HPs)
             Began as a Naga Gladiator on Apr 18, 2017.
             Was the Champion of Makhleb.
             Mangled by a skeletal warrior
             ... wielding a +0 great mace
              (22 damage)
             ... on level 3 of the Depths.
             The game lasted 01:14:53 (52748 turns).

Duffy the Executioner (Naga Gladiator)             Turns: 52748, Time: 01:14:54

Health: -11/267    AC: 30    Str: 28    XL:     23   Next: 63%
Magic:  27/27      EV:  6    Int:  6    God:    Makhleb [******]
Gold:   2315       SH:  0    Dex: 14    Spells: 22/22 levels left

rFire    + . .     SeeInvis +   a - +8 battleaxe (vamp)
rCold    + . .     Gourm    .   (shield currently unavailable)
rNeg     . . .     Faith    .   w - +1 plate armour {rC+}
rPois    +         Spirit   .   k - +0 hat of Hedging {Regen+ rCorr Str+3 Int-3}
rElec    .         Reflect  .   j - +1 cloak
rCorr    +         Harm     .   M - +1 pair of gloves "Guciran" {rF+}
MR       ++...                  (no barding)
Stlth    ..........             E - amulet of regeneration
Regen    1.4/turn               C - ring of Robustness {AC+8}
MPRegen  0.2/turn               u - +4 ring of slaying

@: extremely drained, very slow
A: stinger 1, rugged brown scales 1, see invisible, deformed body, poison
resistance, robust 1, slowness 2, slow metabolism 1, spit poison 1, constrict 1,
AC +7
}: 1/15 runes: gossamer
a: Spit Poison, Minor Destruction, Lesser Servant of Makhleb, Major Destruction,
Greater Servant of Makhleb, Renounce Religion


You were on level 3 of the Depths.
You worshipped Makhleb.
Makhleb was exalted by your worship.
You were not hungry.

You visited 9 branches of the dungeon, and saw 41 of its levels.
You visited 1 bazaar.
You also visited: Ossuary, Ice Cave and Volcano.

You collected 5614 gold pieces.
You spent 3299 gold pieces at shops.

Inventory:

Hand Weapons
 a - a +8 vampiric battleaxe (weapon)
 J - a +2 executioner's axe of chopping
 X - a +2 executioner's axe of freezing
Missiles
 d - 5 throwing nets (quivered)
Armour
 j - a +1 cloak (worn)
 k - the +0 hat of Hedging (worn) {Regen+ rCorr Str+3 Int-3}
   (You found it on level 3 of the Elven Halls)

   It affects your strength (+3).
   It affects your intelligence (-3).
   It increases your rate of regeneration.
   It protects you from acid and corrosion.
 w - a +1 plate armour of cold resistance (worn)
 M - the +1 pair of gloves "Guciran" (worn) {rF+}
   (You acquired it on level 6 of the Dungeon)

   It protects you from fire.
Jewellery
 b - a +6 ring of protection
 u - a +4 ring of slaying (right hand)
 y - an uncursed ring of positive energy
 C - the ring of Robustness (left hand) {AC+8}
   (You took it off a deep elf high priest on level 3 of the Elven Halls)

   [ring of protection]

   It affects your AC (+8).
 E - an amulet of regeneration (around neck)
 G - the ring of Surprise {rF++ MP+9}
   (You found it on level 3 of the Elven Halls)

   [ring of magical power]

   It greatly protects you from fire.
   It affects your magic capacity (+9).
 N - an uncursed ring of resist corrosion
 P - an uncursed amulet of guardian spirit {unknown}
 R - an uncursed ring of protection from cold
 T - an uncursed ring of protection from magic
 U - an uncursed ring of protection from fire
Wands
 O - a wand of acid (7/15)
Scrolls
 c - 4 scrolls of recharging
 f - 8 scrolls of identify
 n - 8 scrolls of fog
 q - 10 scrolls of teleportation
 r - 5 scrolls of blinking
 t - 3 scrolls of holy word
 v - 3 scrolls of silence
 x - 4 scrolls of immolation
 D - 6 scrolls of fear
 H - 11 scrolls of enchant armour
 I - 15 scrolls of remove curse
 Q - 2 scrolls of magic mapping
 V - 2 scrolls of summoning
Potions
 e - 2 potions of flight
 h - 7 potions of ambrosia
 i - 4 potions of invisibility
 l - 4 potions of mutation
 m - 4 potions of heal wounds
 o - 4 potions of curing
 z - 4 potions of agility
 B - 4 potions of might
 F - 3 potions of resistance
 K - 6 potions of haste
 L - 2 potions of berserk rage
Comestibles
 g - 2 chunks of flesh
 p - 14 royal jellies
 s - 18 meat rations
 A - 24 fruits
 S - 8 bread rations


   Skills:
 + Level 20.6(7.7) Fighting
 - Level 22.0(8.7) Axes
 - Level 1.7(0.0) Throwing
 + Level 18.9(6.4) Armour
 - Level 13.5(2.4) Dodging
 - Level 6.5(0.0) Invocations


You had 22 spell levels left.
You didn't know any spells.

Dungeon Overview and Level Annotations

Branches:
Dungeon (15/15)            Temple (1/1) D:5            Lair (6/6) D:9
 Shoals (3/4) Lair:4       Spider (4/4) Lair:4        Slime (0/5) Lair:6
    Orc (2/2) D:9             Elf (3/3) Orc:2        Vaults (4/5) D:14
  Crypt (0/3) Vaults:3     Depths (3/5) D:15

Altars:
Ashenzari
Cheibriados
Dithmenos
Fedhas
Gozag
Hepliaklqana
Kikubaaqudgha
Makhleb
Nemelex Xobeh
Okawaru
Qazlal
Ru
Sif Muna
Trog
Uskayaw
Vehumet
Wu Jian
Xom
Yredelemnul
Zin
The Shining One
Beogh

Shops:
Orc:2 (=[(=[[   Elf:1 }?   Elf:2 :   Elf:3 (   Vaults:2 *   Vaults:3 }*[*
Depths:1 =}}

Portals:
Hell: Depths:1 Depths:2
Abyss: Depths:1 Depths:3
Pandemonium: Depths:1 Depths:3
Ziggurat: Depths:1
Trove: D:13 (give 13 scrolls of teleportation)

Annotations:
D:9 1 exclusion
Lair:6 exclusion: 4 oklob plants
Elf:2 3 runed doors, exclusion: 3 doors


Innate Abilities, Weirdness & Mutations

You cannot wear boots.
Your serpentine skin is tough. (AC +7)
You have supernaturally acute eyesight. (SInv)
Armour fits poorly on your strangely shaped body.
Your system is resistant to poisons. (rPois)
You cover ground very slowly.
You have a slow metabolism.
You can spit poison.
You can use your snake-like lower body to constrict enemies.
Your tail ends in a poisonous barb.
You are partially covered in rugged brown scales. (AC +1, +3% HP)
You are robust. (+10% HP)


Message History

You tail-slap the skeletal warrior.
The skeletal warrior is lightly damaged.
The skeletal warrior hits you but does no damage.
You barely miss the skeletal warrior. Your grab misses the skeletal warrior.
The skeletal warrior is lightly damaged.
The skeletal warrior hits you with a great mace.
You closely miss the skeletal warrior. You grab the skeletal warrior.
The skeletal warrior is lightly damaged.
You constrict the skeletal warrior.
The skeletal warrior hits you with a great mace!
You slice the skeletal warrior!!
You tail-slap the skeletal warrior, but do no damage.
The skeletal warrior is heavily damaged.
You constrict the skeletal warrior!
The skeletal warrior hits you with a great mace!
You slash the skeletal warrior!
The skeletal warrior is almost destroyed.
You constrict the skeletal warrior, but do no damage.
The skeletal warrior hits you with a great mace!!
You die...

....#...))....
#...
...#...).....
#..#
#.####...##..
#..###.####...#
##
#....)........##
#..............+
#...##(..#######
#...##'#......#
#@z...(..#.#...
#.....(........
#..###(..#.#.'#
#..###..(.....#
#....))....\.>.
#....).).......
#<.##..).##....
#..########....
#.........# ..


You could see a skeletal warrior.

Vanquished Creatures
  Mara (Spider:4)
  Mennas (Depths:3)
  An ancient lich (Depths:3)
  the Enchantress (D:15)
  A tentacled monstrosity (Depths:2)
  2 deep elf master archers (Elf:3)
  A lich (Depths:3)
  A titan (Vaults:4)
  2 deep elf blademasters (Elf:3)
  2 shadow dragons
  2 tengu reavers (Depths:2)
  5 fire giants
  5 frost giants
  5 ghost moths
  Aizul (Elf:2)
  4 vault wardens
  2 orc warlords
  6 deep elf sorcerers
  4 emperor scorpions
  A caustic shrike skeleton (Depths:3)
  3 spriggan defenders
  3 deep elf elementalists (Elf:3)
  A juggernaut zombie (Depths:3)
  An angel (Depths:1)
  14 ironheart preservers
  16 stone giants
  5 entropy weavers
  5 deep elf demonologists
  A vampire knight (Depths:3)
  3 deep elf annihilators
  4 spark wasps
  2 ettins
  3 deep elf death magi (Elf:3)
  A blizzard demon (IceCv)
  2 merfolk javelineers
  9 fire dragons
  3 merfolk impalers
  7 yaktaur captains
  Josephine (D:9)
  4 deep elf high priests (Elf:3)
  4 great orbs of eyes
  5 rakshasas
  9 hydras
  5 ice dragons
  3 spriggan air magi
  Erica (D:8)
  A merfolk aquamancer (Shoals:2)
  8 death knights
  A catoblepas (Lair:5)
  3 satyrs
  8 death yaks
  14 dancing weapons
  An alligator snapping turtle (Shoals:3)
  42 two-headed ogres
  A merfolk avatar (Shoals:1)
  9 deep troll earth magi
  15 centaur warriors
  14 ogre magi
  7 deep troll shamans
  2 spriggan berserkers (Depths:3)
  3 tengu warriors
  3 vampire magi (Depths:2)
  A titan zombie (Depths:3)
  A hell knight (Volcano)
  7 orc high priests
  Nergalle (D:9)
  18 spriggans
  11 skeletal warriors
  23 deep elf knights
  2 unseen horrors
  A salamander mystic (Depths:2)
  2 iron trolls (Depths:1)
  6 flayed ghosts
  3 glowing orange brains
  24 deep trolls
  8 sea snakes
  21 deep elf archers
  2 phantasmal warriors
  8 wizards
  11 harpies
  18 orc knights
  11 ironbrand convokers
  50 deep elf magi
  23 orb spiders
  A wolf spider zombie (D:13)
  13 cyclopes
  26 fauns
  A shadow dragon skeleton (Depths:3)
  3 necromancers
  21 wolf spiders
  4 orc sorcerers
  A salamander (shapeshifter) (Vaults:4)
  A moth of wrath (Spider:3)
  39 ugly things
  6 salamanders (Depths:2)
  3 elephants (Lair:6)
  8 manticores
  A guardian serpent (D:13)
  8 vault sentinels
  2 black mambas
  2 molten gargoyles (Volcano)
  5 water nymphs
  7 merfolk sirens
  A water nymph (shapeshifter) (Vaults:3)
  A gargoyle (D:12)
  14 spiny frogs
  A titan simulacrum (Depths:3)
  2 ice statues (IceCv)
  4 torpor snails
  An efreet (D:15)
  A spiny frog (shapeshifter) (Elf:1)
  A yaktaur (shapeshifter) (D:14)
  A komodo dragon (shapeshifter) (Elf:1)
  3 rime drakes
  10 demonic crawlers
  7 freezing wraiths
  4 komodo dragons
  52 yaktaurs
  A jumping spider (shapeshifter) (Vaults:2)
  14 ice devils (IceCv)
  7 trolls
  2 tengu conjurers
  A meliai (shapeshifter) (Elf:1)
  7 polar bears
  20 merfolk
  11 hornets
  A queen bee (Lair:2)
  A troll (shapeshifter) (Elf:2)
  3 wind drakes
  40 jumping spiders
  25 slime creatures
  13 hippogriffs
  A meliai zombie (D:15)
  Grinder (D:5)
  5 dream sheep (Lair:6)
  A harpy skeleton (D:15)
  6 snapping turtles
  5 large abominations (Depths:1)
  82 redbacks
  A redback (shapeshifter) (Depths:2)
  A centaur simulacrum (D:13)
  3 shadows
  Sigmund (D:2)
  11 water elementals
  4 air elementals
  A fire bat (Volcano)
  19 tarantellas
  8 wraiths
  5 wyverns
  11 yaks
  5 fire elementals
  A basilisk (shapeshifter) (Vaults:2)
  A yak (shapeshifter) (Vaults:3)
  8 basilisks
  3 vampire mosquitoes (Lair:1)
  7 small abominations (Depths:1)
  2 hungry ghosts
  A steam dragon (D:12)
  2 insubstantial wisps (Lair:1)
  6 wargs
  A soldier ant (D:12)
  2 acid dragons (Vaults:2)
  13 water moccasins
  9 porcupines
  Duvessa (D:5)
  2 hell hounds (D:9)
  Purgy (D:3)
  An orc zombie (Vaults:1)
  2 phantoms
  A sky beast (D:6)
  A black bear (shapeshifter) (Vaults:2)
  56 orc warriors
  6 black bears
  An eye of draining (shapeshifter) (Elf:1)
  4 ice beasts
  5 necrophages
  16 boggarts
  37 ogres
  18 centaurs
  35 wolves
  9 crocodiles
  5 big kobolds
  19 bullfrogs
  6 earth elementals
  2 human skeletons (Vaults:1)
  Dowan (D:5)
  A glowing shapeshifter simulacrum (Vaults:3)
  2 troll zombies (D:9)
  A wyvern skeleton (D:14)
  24 killer bees (Lair:2)
  4 scorpions
  23 wights
  2 howler monkeys
  3 lava snakes (Volcano)
  A quasit (D:6)
  4 human zombies (D:9)
  A bullfrog zombie (D:7)
  10 crimson imps
  2 centaur zombies
  6 hounds
  Crazy Yiuf (D:3)
  41 orc priests
  8 jellies
  31 orc wizards
  3 bullfrog skeletons
  6 centaur skeletons
  Jessica (D:2)
  2 iguanas
  10 worker ants
  Terence (D:3)
  2 hell rats (Lair:2)
  2 killer bee zombies
  A hound zombie (D:5)
  A hound skeleton (D:7)
  15 mummies
  2 worker ant zombies
  4 gnolls
  16 adders
  A river rat (Lair:2)
  6 shadow imps
  7 white imps (IceCv)
  9 ufetubi (IceCv)
  12 oozes (D:11)
  An adder skeleton (D:4)
  A worm (D:2)
  The ghost of herpmino the Shield-Bearer, a weakling FoFi (D:12)
  2 dart slugs (D:2)
  8 leopard geckos
  137 orcs
  3 giant cockroaches (D:3)
  8 goblins
  2 hobgoblins
  13 jackals
  7 quokkas
  2 ball pythons
  4 bats
  2 frilled lizards (D:2)
  A gnoll skeleton (Ossuary)
  A jackal skeleton (D:4)
  25 kobolds
  3 kobold skeletons (Ossuary)
  A leopard gecko skeleton (D:6)
  6 orc skeletons
  5 rats
  11 rat skeletons (Ossuary)
  2 fungi
1916 creatures vanquished.

Vanquished Creatures (collateral kills)
  Saint Roka (Orc:1)
  A deep elf annihilator (Elf:3)
  Snorg (Orc:1)
  3 hydras
  3 death yaks
  Sonja (Lair:3)
  A spiny frog (Lair:2)
  A rime drake (Lair:5)
  A yaktaur (Volcano)
  A komodo dragon (Lair:3)
  A spriggan (Lair:6)
  A yak (D:9)
  A porcupine (Lair:4)
  2 orc warriors
  2 orc priests (Orc:2)
  5 orcs
26 creatures vanquished.

Vanquished Creatures (others)
  Nikola (Shoals:3)
  A vampire knight (Depths:3)
  A deep elf mage (Elf:1)
  5 dream sheep (D:5)
  3 boggarts
  A human (D:7)
  A hound zombie (D:5)
  An ufetubus (IceCv)
  An orc (D:12)
  A kobold skeleton (Ossuary)
  A fire vortex (Depths:2)
  14 fungi
  7 plants
38 creatures vanquished.

Grand Total: 1980 creatures vanquished

Notes
Turn   | Place    | Note
-------+----------+-------------------------------------------
     0 | D:1      | Duffy the Naga Gladiator began the quest for the Orb.
     0 | D:1      | Reached XP level 1. HP: 19/19 MP: 1/1
   596 | D:1      | Reached XP level 2. HP: 22/26 MP: 2/2
  1228 | D:2      | Reached skill level 4 in Axes
  1342 | D:2      | Reached XP level 3. HP: 30/32 MP: 3/3
  1540 | D:2      | Noticed Sigmund
  1866 | D:2      | Killed Sigmund
  1866 | D:2      | Reached skill level 6 in Axes
  1866 | D:2      | Reached XP level 4. HP: 28/39 MP: 4/4
  1866 | D:2      | Reached XP level 5. HP: 32/45 MP: 5/5
  1966 | D:2      | Noticed Jessica
  1972 | D:2      | Killed Jessica
  2482 | D:3      | Found a runed door.
  2486 | D:3      | Noticed Crazy Yiuf
  2493 | D:3      | Killed Crazy Yiuf
  2493 | D:3      | Reached XP level 6. HP: 25/52 MP: 6/6
  3271 | D:3      | Noticed Terence
  3277 | D:3      | Killed Terence
  3321 | D:3      | Noticed Purgy
  3344 | D:3      | Killed Purgy
  3344 | D:3      | Reached skill level 7 in Axes
  3344 | D:3      | Reached XP level 7. HP: 34/62 MP: 7/7
  4499 | D:4      | Noticed Edmund
  4515 | D:4      | Noticed Edmund
  4515 | D:4      | Edmund changed into Edmund the ogre
  4517 | D:4      | Killed Edmund the ogre
  4857 | D:4      | Noticed a basilisk
  4857 | D:4      | an ogre changed into a basilisk
  4866 | D:4      | Killed a basilisk
  4866 | D:4      | Reached skill level 5 in Fighting
  4866 | D:4      | Reached skill level 8 in Axes
  4866 | D:4      | Reached XP level 8. HP: 43/74 MP: 8/8
  5469 | D:4      | Noticed a two-headed ogre
  5479 | D:4      | Killed a two-headed ogre
  5479 | D:4      | Reached skill level 9 in Axes
  5479 | D:4      | Reached XP level 9. HP: 31/85 MP: 9/9
  6211 | D:5      | Entered Level 5 of the Dungeon
  6211 | D:5      | Found a blossoming altar of Fedhas.
  6376 | D:5      | Noticed Dowan
  6378 | D:5      | Noticed Duvessa
  6405 | D:5      | Found an iron altar of Okawaru.
  6537 | D:5      | Found a sand-covered staircase.
  6541 | Ossuary  | Entered an ossuary
  7153 | Ossuary  | Reached skill level 10 in Axes
  7223 | Ossuary  | Gained mutation: You do not regenerate when monsters are visible. [potion of mutation]
  7223 | Ossuary  | Gained mutation: You are robust. (+10% HP) [potion of mutation]
  7242 | D:5      | Killed Duvessa
  7284 | D:5      | Killed Dowan
  7396 | D:5      | Found a shimmering altar of Xom.
  7530 | D:5      | Found a shadowy altar of Dithmenos.
  7766 | D:5      | Found a staircase to the Ecumenical Temple.
  7792 | Temple   | Entered the Ecumenical Temple
  7929 | Temple   | Became a worshipper of Makhleb the Destroyer
  7968 | D:5      | Noticed Grinder
  7971 | D:5      | Paralysed by Grinder for 4 turns
  8359 | D:5      | Paralysed by Grinder for 3 turns
  8367 | D:5      | Killed Grinder
  8584 | D:5      | Found a stormy altar of Qazlal.
  9320 | D:6      | Found a hide-covered altar of Uskayaw.
  9320 | D:6      | Found an ornate altar of the Wu Jian Council.
  9533 | D:6      | Reached * piety under Makhleb
  9621 | D:6      | Reached skill level 1 in Armour
  9621 | D:6      | Reached XP level 10. HP: 26/108 MP: 10/10
  9915 | D:6      | Reached skill level 11 in Axes
  9982 | D:6      | Identified a scroll of acquirement
  9983 | D:6      | Got a pair of transparent gloves
  9989 | D:6      | Identified the +1 pair of gloves "Guciran" {rF+} (You acquired it on level 6 of the Dungeon)
 10731 | D:7      | Reached ** piety under Makhleb
 11010 | D:7      | Found a hazy altar of Hepliaklqana.
 11011 | D:7      | Found a shimmering altar of Xom.
 11011 | D:7      | Noticed a torpor snail
 11012 | D:7      | Noticed a torpor snail
 11012 | D:7      | Noticed a spectral ugly thing
 11164 | D:7      | Found an ancient bone altar of Kikubaaqudgha.
 11205 | D:7      | Found a glowing golden altar of the Shining One.
 11494 | D:8      | Noticed Erica
 11505 | D:8      | Killed Erica
 11844 | D:8      | Found a sacrificial altar of Ru.
 12131 | D:9      | Reached *** piety under Makhleb
 12227 | D:9      | Reached skill level 12 in Axes
 12243 | D:9      | Reached XP level 11. HP: 60/116 MP: 14/14
 12661 | D:9      | Found a staircase to the Lair.
 12828 | D:9      | Reached skill level 5 in Armour
 13261 | D:9      | Found a basalt altar of Yredelemnul.
 13282 | D:9      | Reached **** piety under Makhleb
 13604 | D:9      | Lost mutation: You do not regenerate when monsters are visible. [potion of mutation]
 13604 | D:9      | Gained mutation: Your tail ends in a poisonous barb. [potion of mutation]
 13604 | D:9      | Gained mutation: You are partially covered in rugged brown scales. (AC +1, +3% HP) [potion of mutation]
 13604 | D:9      | Gained mutation: You are very robust. (+20% HP) [potion of mutation]
 13604 | D:9      | Gained mutation: You possess an exceptional clarity of mind. [potion of mutation]
 13675 | D:10     | Entered Level 10 of the Dungeon
 13866 | D:10     | Noticed a two-headed ogre
 13870 | D:10     | Killed a two-headed ogre
 13871 | D:10     | Noticed Nergalle
 13889 | D:9      | Killed Nergalle
 14368 | D:10     | Reached skill level 13 in Axes
 14685 | Lair:1   | Entered Level 1 of the Lair of Beasts
 15419 | Lair:1   | Reached XP level 12. HP: 129/140 MP: 15/15
 15683 | Lair:2   | Noticed a seven-headed hydra
 15747 | Lair:1   | Noticed a four-headed hydra
 15760 | Lair:1   | Killed a one-headed hydra
 15769 | Lair:2   | Noticed an eight-headed hydra
 15777 | Lair:2   | Killed a six-headed hydra
 15780 | Lair:2   | Found a dark tunnel.
 15877 | Volcano  | Entered a volcano
 16395 | Volcano  | Found a burning altar of Makhleb.
 16395 | Volcano  | Noticed a centaur warrior
 16402 | Volcano  | Killed a centaur warrior
 16404 | Volcano  | Reached skill level 14 in Axes
 16672 | Volcano  | Noticed a hell knight
 16678 | Volcano  | Killed a hell knight
 16807 | Lair:2   | Killed a four-headed hydra
 17041 | Lair:3   | Noticed Sonja
 17054 | Lair:3   | Killed Sonja
 18148 | Lair:4   | Found a hole to the Spider Nest.
 18372 | Lair:4   | Found a staircase to the Shoals.
 18739 | Lair:4   | Noticed a four-headed hydra
 18744 | Lair:4   | Killed a one-headed hydra
 18942 | Lair:4   | Noticed a six-headed hydra
 18949 | Lair:4   | Killed a two-headed hydra
 18949 | Lair:4   | Gained mutation: You can use your snake-like lower body to constrict enemies. [Naga growth]
 18949 | Lair:4   | Reached XP level 13. HP: 128/148 MP: 16/16
 19147 | Lair:5   | Reached skill level 15 in Axes
 19147 | Lair:5   | Reached skill level 5 in Invocations
 19521 | Lair:5   | Reached skill level 10 in Armour
 20630 | Lair:6   | Entered Level 6 of the Lair of Beasts
 20907 | Lair:6   | Reached skill level 10 in Fighting
 20992 | Lair:6   | Reached XP level 14. HP: 162/162 MP: 18/18
 21007 | Lair:6   | Reached ***** piety under Makhleb
 21058 | Lair:6   | Reached skill level 16 in Axes
 21297 | Lair:6   | Found a staircase to the Slime Pits.
 21968 | D:9      | Found a roughly hewn altar of Beogh.
 21968 | D:9      | Found a staircase to the Orcish Mines.
 22369 | Orc:1    | Entered Level 1 of the Orcish Mines
 22373 | Orc:1    | Noticed Josephine
 22445 | D:9      | Reached ****** piety under Makhleb
 22544 | D:9      | Killed Josephine
 22760 | Orc:1    | Found an iron altar of Okawaru.
 22779 | Orc:1    | Noticed Snorg
 22787 | Orc:1    | Killed Snorg
 23006 | Orc:2    | Entered Level 2 of the Orcish Mines
 23006 | Orc:2    | Noticed an orc warlord
 23481 | D:9      | Killed an orc warlord
 23824 | Orc:1    | You fall through a shaft!
 24040 | Orc:2    | Noticed Saint Roka
 24345 | Orc:1    | Killed Saint Roka
 24551 | Orc:2    | Found Noycsul's Jewellery Shop.
 24554 | Orc:2    | Found Baosab's Armour Shop.
 24635 | Orc:2    | Noticed an orc warlord
 25128 | Orc:2    | Killed an orc warlord
 25194 | Orc:1    | Reached XP level 15. HP: 177/177 MP: 19/19
 25748 | Orc:2    | Lost mutation: You possess an exceptional clarity of mind. [a neqoxec]
 25748 | Orc:2    | Lost mutation: You are very robust. (+20% HP) [a neqoxec]
 25804 | Orc:2    | Reached skill level 17 in Axes
 25875 | Orc:2    | Found Reshrygh's Jewellery Shop.
 25875 | Orc:2    | Found Wovirch's Weapon Shop.
 25876 | Orc:2    | Found Bohoh's Antique Armour Shop.
 25876 | Orc:2    | Found Meleer's Armour Boutique.
 26020 | Orc:2    | Found Saim's Weapon Shoppe.
 26037 | Orc:2    | Found a staircase to the Elven Halls.
 26144 | Orc:2    | Bought a pair of faintly glowing gloves for 275 gold pieces
 26155 | Orc:2    | Identified the +2 pair of gloves of Qeina {-Cast rPois Int+6 Stlth+} (You bought it in a shop on level 2 of the Orcish Mines)
 27111 | D:12     | Noticed herpmino's ghost (weakling FoFi)
 27114 | D:12     | Killed herpmino's ghost
 29130 | D:13     | Found a portal to a secret trove of treasure.
 29409 | D:14     | Found a gate to the Vaults.
 29461 | D:14     | Reached XP level 16. HP: 176/176 MP: 20/20
 30154 | D:15     | Entered Level 15 of the Dungeon
 30285 | D:15     | Found a staircase to the Depths.
 30369 | D:15     | Found a gateway to a bazaar.
 30922 | Bazaar   | Entered a bazaar
 30926 | Bazaar   | Found Kighek's Jewellery Boutique.
 30944 | Bazaar   | Found Nufowk's Book Emporium.
 30961 | Bazaar   | Found Myggomap's Book Boutique.
 30978 | Bazaar   | Found Kilomap's Antique Weapon Shoppe.
 31000 | Bazaar   | Bought a +6 ring of protection for 1092 gold pieces
 31000 | Bazaar   | Bought a +5 ring of protection for 770 gold pieces
 31209 | Spider:1 | Entered Level 1 of the Spider Nest
 31234 | Spider:1 | Reached skill level 18 in Axes
 33798 | Spider:3 | Reached XP level 17. HP: 188/189 MP: 21/21
 34720 | Shoals:1 | Entered Level 1 of the Shoals
 35752 | Shoals:2 | Reached skill level 15 in Fighting
 35903 | Shoals:2 | Reached skill level 19 in Axes
 36456 | Shoals:3 | Noticed Nikola
 36477 | Shoals:3 | Killed Nikola
 37064 | Shoals:3 | Reached XP level 18. HP: 200/203 MP: 22/22
 37506 | Elf:1    | Entered Level 1 of the Elven Halls
 37617 | Elf:1    | Reached skill level 15 in Armour
 37861 | Elf:1    | Found Emuamonu's Magic Scroll Shoppe.
 37861 | Elf:1    | Found Weus's Gadget Emporium.
 38640 | Elf:2    | Noticed Aizul
 38654 | Elf:2    | Killed Aizul
 38702 | Elf:2    | Found Conale Aroo's Book Shoppe.
 38902 | Elf:2    | Found a runed gate.
 38902 | Elf:2    | Found a runed gate.
 38903 | Elf:2    | Found a runed gate.
 39377 | Elf:3    | Entered Level 3 of the Elven Halls
 39427 | Elf:3    | Found Dino Liti's Antique Weapon Emporium.
 39448 | Elf:3    | Reached skill level 20 in Axes
 39853 | Elf:3    | Reached XP level 19. HP: 214/214 MP: 23/23
 41299 | Orc:2    | Bought an uncursed ring of protection from magic for 350 gold pieces
 42243 | Elf:3    | Reached skill level 5 in Dodging
 42659 | Elf:3    | Identified the +0 hat of Hedging {Regen+ rCorr Str+3 Int-3} (You found it on level 3 of the Elven Halls)
 42675 | Elf:3    | Got a wavering steel ring
 42676 | Elf:3    | Identified the ring of Surprise {rF++ MP+9} (You found it on level 3 of the Elven Halls)
 42701 | Elf:3    | Identified the +1 scale mail of the Sun {rElec Dex-5 Slay+6} (You found it on level 3 of the Elven Halls)
 42883 | Elf:1    | Bought a scroll of silence for 127 gold pieces
 42883 | Elf:1    | Bought a scroll of teleportation for 51 gold pieces
 42883 | Elf:1    | Bought a scroll of blinking for 127 gold pieces
 42883 | Elf:1    | Bought a scroll of blinking for 127 gold pieces
 42883 | Elf:1    | Bought a scroll of identify for 34 gold pieces
 42883 | Elf:1    | Bought a scroll of enchant armour for 127 gold pieces
 42883 | Elf:1    | Bought a scroll of enchant weapon for 127 gold pieces
 43351 | Spider:4 | Entered Level 4 of the Spider Nest
 43506 | Spider:4 | Got an ichor-stained cloak
 43509 | Spider:4 | Identified the -3 cloak of Trog's Castigation {Dex+5} (You found it on level 4 of the Spider Nest)
 43549 | Spider:4 | Found a frozen archway.
 43564 | IceCv    | Entered an ice cave
 43927 | Spider:4 | Noticed Mara
 43931 | Spider:4 | Noticed Duffy's illusion
 43936 | Spider:4 | Killed Mara
 44187 | Spider:4 | Reached XP level 20. HP: 227/227 MP: 24/24
 44309 | Spider:4 | Got a gossamer rune of Zot
 45087 | Vaults:1 | Entered Level 1 of the Vaults
 45904 | Vaults:1 | Identified the +2 scale mail of the Orb Guardian {rF++ SInv} (You found it on level 1 of the Vaults)
 46075 | Vaults:1 | Reached skill level 21 in Axes
 46736 | Vaults:2 | Reached skill level 10 in Dodging
 47360 | Vaults:2 | Reached XP level 21. HP: 239/239 MP: 25/25
 47396 | Vaults:2 | Paralysed by an ogre mage for 3 turns
 47482 | Vaults:2 | Found Doasoadd's Assorted Antiques.
 47921 | Vaults:3 | Found Bumiuttioso's Assorted Antiques.
 48375 | Vaults:3 | Found a staircase to the Crypt.
 48588 | Vaults:3 | Found Lunnox's Antique Armour Boutique.
 48617 | Vaults:3 | Found Somaqasm's General Store.
 48632 | Vaults:3 | Bought a potion of might for 92 gold pieces
 48663 | Vaults:3 | Found Usmeh's Gadget Emporium.
 49283 | Vaults:4 | Reached skill level 22 in Axes
 49358 | Vaults:4 | Reached XP level 22. HP: 241/251 MP: 26/26
 50192 | Depths:1 | Entered Level 1 of the Depths
 50192 | Depths:1 | Found Mops's Jewellery Shoppe.
 50192 | Depths:1 | Found Juadoat's Gadget Shop.
 50193 | Depths:1 | Found Nezir's Gadget Shop.
 50211 | Depths:1 | Noticed the Enchantress
 50241 | D:15     | Killed the Enchantress
 50243 | D:15     | Identified the +4 faerie dragon scales {rCorr Dex+3} (You took it off the Enchantress on level 15 of the Dungeon)
 50461 | Depths:1 | Found a one-way gate to the infinite horrors of the Abyss.
 50638 | Depths:1 | Found a gateway to a ziggurat.
 50976 | Depths:1 | Got a scintillating lead amulet
 50993 | Depths:1 | Identified the amulet "Vaats" {Spirit rF- rC+++ Dex-3 Stlth+} (You took it off a wizard on level 1 of the Depths)
 51089 | Depths:1 | Found a one-way gate leading to the halls of Pandemonium.
 51269 | Depths:1 | Found a gateway to Hell.
 51796 | Depths:2 | Reached XP level 23. HP: 265/265 MP: 27/27
 52507 | Depths:3 | Noticed Mennas
 52564 | Depths:3 | Killed Mennas
 52568 | Depths:3 | Noticed an ancient lich
 52581 | Depths:3 | Killed an ancient lich
 52603 | Depths:3 | HP: 7/267 [fire dragon/blast of flame (26)]
 52603 | Depths:3 | HP: 2/267 [fire dragon (5)]
 52747 | Depths:3 | HP: 9/267 [skeletal warrior/great mace (8)]
 52748 | Depths:3 | Mangled by a skeletal warrior

Vault maps used:
D:1:      dpeg_arrival_connections, columned_hall_lemuel
D:2:      uniq_jessica, uniq_sigmund
D:3:      minmay_misc_feat_cross, minmay_statues_item, uniq_purgy,
          uniq_crazy_yiuf_cottage, uniq_terence
D:4:      nicolae_overflow_hidden_temple, minmay_misc_feat_pillars,
          serial_bayou_pond_c, uniq_edmund
D:5:      grunt_temple_overflow_forces_of_nature, lemuel_crystal_altar,
          nicolae_overflow_crystal_walls, minmay_temple_entry_enclosed_plants,
          enter_ossuary_5, first_bread, kb_xom_exploding_sheep, uniq_grinder,
          uniq_duvessa
D:6:      gammafunk_temple_overflow_pools, minmay_misc_feat_four_crosses
D:7:      regret_index_temple_of_mockery, lemuel_crystal_altar,
          grunt_decor_arrowhead, tgw_kikubaaqudgha
D:8:      lemuel_crystal_altar, uniq_erica
D:9:      lemuel_mausoleum_altar_yredelemnul, minmay_lair_entry_lava,
          david_orc_5, grunt_ogre_cave
D:10:     uniq_nergalle
D:11:     lemuel_slime
D:13:     minmay_expanding_circles, nicolae_trove_entry_crossroad,
          nrook_guardian_serpent_double
D:14:     hangedman_vaults_entry_quadrant_bands
D:15:     grunt_enter_depths_hoard, serial_bayou_shore_b, serial_shops,
          bzr_entry_water, minmay_splitting_lines
Temple:   chequers_temple_sunken
Lair:1:   st_stairs_11, pond
Lair:2:   regret_index_wax_grids, nicolae_volcano_entry_lava_flow,
          serial_bayou_pond_d, st_stairs_7, serial_bayou_shore_b,
          grunt_megastairs_2, lemuel_fruit_tree
Lair:3:   uniq_sonja
Lair:4:   minmay_shoals_entry_hut, dummy_spider_entry
Lair:5:   beast_lair_carwin_5, serial_bayou_shore_b, infiniplex_staircase_pool_2
Lair:6:   minmay_lair_end_enchanted_forest, minmay_slime_entry_oklob_open
Shoals:3: uniq_nikola
Spider:1: spider_trap
Spider:4: grunt_spider_rune_parallel, portal_ice_cave_entry_dragon, uniq_mara
Orc:1:    okawaru_metal_pillars_1_2, uniq_snorg, uniq_josephine
Orc:2:    st_orc_pillars, serial_shops, shop_statue, shop, shop_statue,
          uniq_saint_roka
Elf:1:    hangedman_elf_disciples, minmay_shoptagon, grunt_megastairs_3
Elf:2:    serial_shops, nicolae_shop_competitors_out_of_business, hex_tiny,
          spider_trap, uniq_aizul, uniq_donald, uniq_louise
Elf:3:    minmay_elf_hall_furrowed, serial_shops, nicolae_shop_trees
Vaults:1: nicolae_vaults_big_ls, ontoclasm_vaults_chip,
          nicolae_vaults_little_ls, v_alt_pattern_5, grunt_vaults_diagonal,
          nicolae_vaults_rhombus_7, v_misc_14, vaults_room_grunt_arrival_ludios
Vaults:2: vaults_room_fours, v_misc_10, hangedman_vaults_stretched_pinwheel,
          v_pattern_5, hangedman_vaults_river_flow, v_misc_19,
          hangedman_vaults_nodes, vaults_room_stairs_pillars,
          vaults_room_hallway, nicolae_vaults_gold_heap, serial_shops,
          nicolae_shop_trees
Vaults:3: blue_anna_dwarven_crypt, ontoclasm_vaults_misaligned,
          nicolae_vaults_little_squares_3, v_pattern_4,
          nicolae_vaults_display_case, nicolae_vaults_network_s,
          nicolae_vaults_rhombus_7, ontoclasm_vaults_misaligned,
          hangedman_vaults_stretched_pinwheel, v_misc_24,
          ontoclasm_vaults_pinch, ontoclasm_vaults_chip, v_rooms_3,
          nicolae_vaults_ring_of_whatevers, serial_shops, shop, shop, shop, shop
Vaults:4: hangedman_vaults_slither, ontoclasm_vaults_chip,
          nicolae_vaults_quadrants, hangedman_vaults_unwind, v_misc_11,
          ontoclasm_vaults_bender, serial_ice_b,
          nicolae_vaults_stairing_the_circle, vaults_dpeg_diagonal, v_pattern_2,
          nicolae_vaults_diagonal_hallway_9
Depths:1: enter_ziggurat_f, rand_demon_pan_entry_4, abyss_entry, hell_entry,
          laboratory, minmay_shop_grove, uniq_enchantress
Depths:2: kennysheep_four_of_diamonds, minmay_staircase_windowed_small,
          hangedman_geh_valley
Depths:3: minmay_two_paths, glass_columns_a, special_room,
          nicolae_abyss_entry_one_way_or_another, pan_entry, grunt_metal_band,
          uniq_margery, uniq_mennas
Bazaar:   bazaar_jpeg_circle_common
Ossuary:  ossuary_due_small_catacomb
IceCv:    ice_cave_small_demon
Volcano:  volcano_lake

Skill      XL: |  1  2  3  4  5  6  7  8  9 10 11 12 13 14 15 16 17 18 19 20 21 22 23 |
---------------+----------------------------------------------------------------------+-----
Axes           | 4 6 7 8 9 10 12 13 14 15 16 17 18 19 20 21 22 | 22.0
Fighting       | 3 5 6 9 10 11 13 14 15 16 17 18 19 20 | 20.6
Armour         | 1 4 7 9 10 12 13 14 15 16 17 18 | 18.9
Invocations    | 4 6 |  6.5
Dodging        | 7 10 12 13 | 13.5
Throwing       | |  1.7

Action                   |  1- 3 |  4- 6 |  7- 9 | 10-12 | 13-15 | 16-18 | 19-21 | 22-24 || total
-------------------------+-------+-------+-------+-------+-------+-------+-------+-------++-------
Melee: War axe           |    72 |    33 |    75 |    75 |       |       |       |       ||   255
       Quarterstaff      |       |    65 |   357 |       |       |       |       |       ||   422
       Battleaxe         |       |       |       |   603 |  1102 |  1351 |  1285 |   693 ||  5034
       Tailslap          |       |       |       |    47 |   264 |   291 |   306 |   173 ||  1081
       Scimitar          |       |       |       |    16 |    26 |       |       |       ||    42
       Constrict         |       |       |       |       |   240 |   267 |   249 |   102 ||   858
Throw: Throwing net      |       |       |       |       |       |       |       |     1 ||     1
Invok: Lesser Servant of |       |       |       |    17 |    18 |       |     6 |       ||    41
 Abil: Spit Poison       |     7 |     3 |       |     2 |       |       |     3 |       ||    15
Evoke: Wand              |       |       |       |     1 |     5 |       |     3 |       ||     9
  Use: Scroll            |       |     5 |    10 |    14 |    10 |     6 |    15 |     4 ||    64
       Potion            |       |     1 |     2 |     3 |     4 |     3 |     4 |     8 ||    25
 Stab: Petrified         |       |       |     5 |       |       |       |       |       ||     5
       Paralysed         |       |       |     2 |       |       |       |       |       ||     2
       Petrifying        |       |       |     1 |       |       |       |       |       ||     1
       Distracted        |       |       |       |     2 |     3 |     2 |     1 |       ||     8
       Held in net/web   |       |       |       |       |       |       |       |     4 ||     4
  Eat: Chunk             |     2 |     4 |     8 |    11 |    16 |    14 |    15 |     8 ||    78
       Bread ration      |       |       |     2 |     3 |     4 |       |     2 |       ||    11
       Royal jelly       |       |       |       |       |     6 |       |     2 |       ||     8
       Meat ration       |       |       |       |       |     1 |     3 |     1 |     1 ||     6
Armor: Ring mail         |    35 |    32 |       |       |       |       |       |       ||    67
       Leather armour    |     3 |       |       |       |       |       |       |       ||     3
       Chain mail        |       |    40 |   277 |   166 |   882 |  1463 |   131 |       ||  2959
       Skin              |       |       |     7 |       |       |       |       |       ||     7
       Plate armour      |       |       |       |   480 |       |       |   648 |   722 ||  1850
       Scale mail        |       |       |       |       |       |       |   198 |       ||   198
Dodge: Dodged            |    53 |    64 |   123 |   207 |   586 |   512 |   544 |   485 ||  2574
       Rpst.: Scimitar   |       |       |       |     1 |     2 |       |       |       ||     3
